 Dungeon Crawl Stone Soup version 0.32-a0-540-g866d13106e (webtiles) character file.

Game seed: 16227168000262468990

3824 grandjackal the Fighter (level 9, -5/78 HPs)
             Began as a Demonspawn Gladiator on Feb 29, 2024.
             Was a Follower of Okawaru.
             Slain by a gnoll sergeant
             ... wielding a +0 spear of freezing
              (10 damage)
             ... on level 9 of the Dungeon.
             The game lasted 00:12:02 (9143 turns).

grandjackal the Fighter (Demonspawn Gladiator)      Turns: 9143, Time: 00:12:03

Health: -5/78      AC:  9    Str: 15    XL:     9   Next: 97%
Magic:  13/13      EV: 14    Int:  9    God:    Okawaru [*.....]
Gold:   174        SH:  4    Dex: 18    Spells: 8/8 levels left

rFire   + . .        D - +4 long sword (freeze)
rCold   . . .        v - orb {*Rage}
rNeg    + . .        p - +2 leather armour {rPois}
rPois   +            (helmet restricted)
rElec   .            (no cloak)
rCorr   .            (no gloves)
SInv    .            (no boots)
Will    .....        C - amulet of the acrobat
Stlth   +            x - ring of positive energy
HPRegen 0.33/turn    (no ring)
MPRegen 0.13/turn

%: random rage (20%), acrobat
@: on berserk cooldown, slowed, very slow
A: antennae 1, molten scales 3, condensation shield
a: Renounce Religion, Heroism


You were on level 9 of the Dungeon.
You worshipped Okawaru.
Okawaru was aware of your devotion.
You visited 2 branches of the dungeon, and saw 10 of its levels.

You collected 510 gold pieces.
You spent 336 gold pieces at shops.

Inventory:

Hand Weapons
 g - a +4 dagger of protection
 w - a +1 falchion of flaming
 y - a +3 trident of venom
 D - a +4 long sword of freezing (weapon)
Missiles
 c - 4 curare-tipped darts
 d - 3 throwing nets (quivered)
 e - a javelin
Armour
 p - a +2 leather armour of poison resistance (worn)
 v - an orb of wrath (worn)
 A - a +0 kite shield
Jewellery
 j - the ring "Lajui" {rElec rC- MP+9 Dex+3}
   (You found it on level 2 of the Dungeon)

   [ring of magical power]

   Dex+3:     It affects your dexterity (+3).
   rC-:       It makes you vulnerable to cold.
   rElec:     It insulates you from electricity.
   MP+9:      It affects your magic capacity (+9).
 x - a ring of positive energy (left hand)
 C - an amulet of the acrobat (around neck)
Wands
 l - a wand of warping (8)
 o - a wand of light (10)
Scrolls
 a - a scroll of blinking {unknown}
 b - a scroll of enchant weapon
 h - 2 scrolls of immolation {unknown}
 k - 4 scrolls of teleportation {unknown}
 n - 3 scrolls of noise {unknown}
 s - 7 scrolls of identify
 t - 2 scrolls of enchant armour {unknown}
 B - a scroll of vulnerability {unknown}
 E - a scroll of acquirement {unknown}
Potions
 f - a potion of resistance
 i - 3 potions of might
 m - 2 potions of mutation {unknown}
 q - 3 potions of invisibility {unknown}
 r - 5 potions of curing
 u - 6 potions of haste
 z - a potion of lignification


   Skills:
 + Level 9.7 Fighting
 - Level 4.3 Long Blades
 + Level 3.3 Polearms
 - Level 2.0 Throwing
 - Level 5.0 Armour
 - Level 5.4 Dodging
 + Level 6.5 Invocations


You had 8 spell levels left.
You didn't know any spells.
Your spell library contained the following spells:

 Spells                   Type           Power      Damage    Failure   Level
 Foxfire                  Conj/Fire      0%         2x1d4     43%         1
 Sandblast                Erth           0%         2d4       43%         1
 Sublimation of Blood     Necr           0%         N/A       58%         2
 Passwall                 Erth           0%         N/A       82%         3
 Stone Arrow              Conj/Erth      0%         3d7       82%         3
 Brom's Barrelling Bould  Conj/Erth      0%         2d3       99%         4
 Dimensional Bullseye     Hex/Tloc       0%         N/A       99%         4
 Iskenderun's Mystic Bla  Conj/Tloc      0%         2d3       99%         4
 Petrify                  Alch/Erth      0%         N/A       99%         4
 Irradiate                Conj/Alch      0%         3d11      100%        5
 Plasma Beam              Fire/Air       0%         2x1d10    100%        6
 Starburst                Conj/Fire      0%         6d3       100%        6
 Tukima's Dance           Hex            Unusable   N/A       N/A         3

Dungeon Overview and Level Annotations

Branches:
Dungeon (9/15)             Temple (1/1) D:6
   Lair: D:8-11         Orc: D:9-12

Altars:
Ashenzari
Cheibriados
Dithmenos
Gozag
Hepliaklqana
Kikubaaqudgha
Makhleb
Nemelex Xobeh
Okawaru
Qazlal
Ru
Sif Muna
Trog
Vehumet
Wu Jian
Xom
Yredelemnul

Shops:
D:2 [   D:5 !   D:8 :


Innate Abilities, Weirdness & Mutations

You have a pair of small antennae on your head.
You are completely covered in molten scales. (AC +4, rF+)
A meltable shield of frost defends you. (SH +4)


Message History

The orc warrior misses you. The kobold misses you.
The kobold hits you but does no damage.
The kobold hits you with a +0 short sword.
The kobold hits you but does no damage. Something hits you.
The orc warrior barely misses you. The kobold barely misses you.
The kobold closely misses you. The kobold hits you but does no damage.
You hear some strange, mumbled words.
A magic dart appears from out of thin air!
The magic dart hits you. The kobold hits you but does no damage.
Unknown command.
Unknown command.
As you read the scroll labelled TUM IM UTHRIAZONO, it crumbles to dust.
It is a scroll of identify.
f - a potion of resistance The orc warrior hits you with a +0 hand axe!
* * * LOW HITPOINT WARNING * * *
The kobold barely misses you. The kobold hits you with a +0 dagger.
* * * LOW HITPOINT WARNING * * *
The kobold barely misses you. x2; Something hits you but does no damage.
A gnoll comes into view. It is wielding a +0 whip.
As you read the scroll labelled MINEOL TUY, it crumbles to dust.
It is a scroll of enchant weapon.
Your +3 long sword of freezing glows red for a moment.
The gnoll shouts!
You hear a shout!
The kobold hits you with a +0 club.
* * * LOW HITPOINT WARNING * * *
The kobold hits you but does no damage.
The kobold hits you with a +0 short sword.
* * * LOW HITPOINT WARNING * * *
The kobold hits you with a +0 dagger.
* * * LOW HITPOINT WARNING * * *
Something hits you but does no damage.
A gnoll comes into view. It is wielding a +0 flail.
The gnoll sergeant hits you from afar with a +0 spear of freezing!
* * * LOW HITPOINT WARNING * * *
The gnoll sergeant freezes you.
* * * LOW HITPOINT WARNING * * *
The orc warrior misses you. The kobold hits you but does no damage.
The gnoll sergeant hits you from afar with a +0 spear of freezing!
You die...

#... ##.........
....##..........
.........$.....
#...<.......
##...####....
##.....# . .
#..o..##
....#oKK.)#
.....KK@{g#
.....{oK{..<...
.......og....g.
.......<......g.
#...............
##...........#..
#.##........#..
#. .......(.#


You could see an orc warrior, a gnoll sergeant, 2 orc wizards, 3 gnolls, an orc
and 5 kobolds.

Vanquished Creatures
  Pikel (Temple)
  Eustachio (D:5)
  A steam dragon (D:6)
  Menkaure (D:6)
  Duvessa (D:5)
  2 sky beasts (D:8)
  2 ogres (D:5)
  4 centaurs
  A lemure (D:6)
  3 kobold brigands
  A phantom (D:5)
  2 bullfrogs (D:8)
  A gnoll sergeant (D:7)
  A scorpion (D:6)
  11 wights
  Dowan (D:5)
  A howler monkey (D:8)
  2 bombardier beetles (D:5)
  2 jellies (D:6)
  A gnoll bouda (D:6)
  An orc priest (D:6)
  3 hounds
  A sleepcap (D:6)
  Ijyb (D:3)
  Natasha (thrice) (D:3)
  9 orc wizards
  3 iguanas
  Robin (D:2)
  11 gnolls
  9 adders
  A shadow imp (D:7)
  3 dart slugs
  A ribbon worm (D:3)
  23 orcs
  4 ball pythons
  6 endoplasms
  6 giant cockroaches
  16 goblins
  13 hobgoblins
  2 jackals (D:1)
  19 kobolds
  7 quokkas
  4 bats (D:1)
  6 frilled lizards
  9 rats
202 creatures vanquished.

Notes
Turn   | Place    | Note
-------+----------+-------------------------------------------
     0 | D:1      | grandjackal the Demonspawn Gladiator began the quest for
                  | the Orb.
     0 | D:1      | Reached XP level 1. HP: 16/16 MP: 1/1
   111 | D:1      | Gained mutation: You are partially covered in molten
                  | scales. (AC +2) [demonic ancestry]
   111 | D:1      | Reached XP level 2. HP: 22/22 MP: 2/2
   645 | D:1      | Reached XP level 3. HP: 27/28 MP: 3/3
  1059 | D:2      | Noticed Robin
  1235 | D:1      | Reached skill level 3 in Fighting
  1277 | D:2      | Killed Robin
  1302 | D:2      | Gained mutation: You are mostly covered in molten scales.
                  | (AC +3) [demonic ancestry]
  1302 | D:2      | Reached XP level 4. HP: 35/35 MP: 4/4
  1419 | D:2      | Identified the ring "Lajui" {rElec rC- MP+9 Dex+3}
  1467 | D:2      | Found Fatiwk's Antique Armour Boutique.
  1804 | D:3      | Noticed Ijyb
  1835 | D:3      | Killed Ijyb
  1836 | D:3      | Gained mutation: A meltable shield of frost defends you.
                  | (SH +4) [demonic ancestry]
  1836 | D:3      | Reached XP level 5. HP: 15/42 MP: 5/5
  1993 | D:3      | Found a faded altar of an unknown god.
  2061 | D:3      | Reached skill level 4 in Fighting
  2181 | D:3      | Noticed Natasha
  2188 | D:3      | Killed Natasha
  2294 | D:3      | Noticed Natasha
  2338 | D:3      | Killed Natasha
  2339 | D:3      | Reached skill level 1 in Armour
  2339 | D:3      | Gained mutation: You have a pair of small antennae on your
                  | head. [demonic ancestry]
  2339 | D:3      | Reached XP level 6. HP: 47/49 MP: 6/6
  2490 | D:3      | Noticed Natasha
  2502 | D:3      | Killed Natasha
  2862 | D:4      | Reached skill level 5 in Fighting
  3129 | D:4      | Reached XP level 7. HP: 54/56 MP: 7/7
  3510 | D:5      | Entered Level 5 of the Dungeon
  3583 | D:5      | Reached skill level 6 in Fighting
  3807 | D:5      | Found an ornate altar of the Wu Jian Council.
  3947 | D:5      | Noticed Eustachio
  3957 | D:5      | Killed Eustachio
  4284 | D:5      | Reached XP level 8. HP: 65/65 MP: 8/8
  4288 | D:5      | Found Zuikhovae's Distillery.
  4292 | D:5      | Bought a potion of haste for 140 gold pieces
  4292 | D:5      | Bought 2 potions of curing for 84 gold pieces
  4292 | D:5      | Bought a potion of lignification for 42 gold pieces
  4292 | D:5      | Bought a potion of degeneration for 14 gold pieces
  4313 | D:5      | Found a broken altar of Ashenzari.
  4313 | D:5      | Noticed Duvessa
  4315 | D:5      | Noticed Dowan
  4336 | D:5      | Killed Duvessa
  4341 | D:5      | Killed Dowan
  4342 | D:5      | Reached skill level 7 in Fighting
  4656 | D:6      | Reached skill level 5 in Armour
  4708 | D:6      | Found a staircase to the Ecumenical Temple.
  4792 | D:6      | Noticed Pikel
  4808 | Temple   | Entered the Ecumenical Temple
  4961 | Temple   | Killed Pikel
  4962 | Temple   | Reached skill level 8 in Fighting
  5158 | Temple   | Became a worshipper of Warmaster Okawaru
  5244 | D:6      | Reached skill level 1 in Invocations
  5524 | D:6      | Found a radiant altar of Vehumet.
  5530 | D:6      | Gained mutation: You are completely covered in molten
                  | scales. (AC +4, rF+) [demonic ancestry]
  5530 | D:6      | Reached XP level 9. HP: 75/75 MP: 10/10
  5650 | D:6      | Found a snail-covered altar of Cheibriados.
  5679 | D:6      | Noticed Menkaure
  5688 | D:6      | Killed Menkaure
  5689 | D:6      | Reached skill level 5 in Dodging
  6470 | D:5      | Bought a potion of might for 56 gold pieces
  6835 | D:7      | Reached * piety under Okawaru
  7219 | D:7      | Reached skill level 1 in Polearms
  7223 | D:7      | Reached skill level 9 in Fighting
  8139 | D:8      | Reached skill level 5 in Invocations
  8194 | D:8      | Found Wegyaw's Book Shop.
  8491 | D:8      | Found a sparkling altar of Nemelex Xobeh.
  8664 | D:8      | Found a shimmering altar of Xom.
  8664 | D:8      | Found a bloodstained altar of Trog.
  8923 | D:8      | Found a shadowy altar of Dithmenos.
  9143 | D:9      | Slain by a gnoll sergeant

Illustrated notes

Levels and vault maps discovered:
D:1:      mushboom_english_gardens, layout_basic, supply_closet_lemuel
D:2:      layout_rooms, serial_shops, nicolae_shop_advertising_works
          [nicolae_subvault_shop_adworks], minmay_misc_feat_diagonals,
          uniq_robin
D:3:      layout_rooms, amcnicky_altar_gilded, lemuel_round_altar,
          serial_rivers, chequers_serial_rivers_small_b,
          chequers_serial_rivers_small_b, chequers_serial_rivers_micro_a,
          chequers_serial_rivers_large_a, chequers_serial_rivers_room_b,
          ebering_ecumenical_altar_abandoned, uniq_ijyb, uniq_natasha
D:4:      layout_basic
D:5:      layout_loops_ring, lemuel_tele_altar, lemuel_crystal_altar,
          serial_shops, nicolae_shop_window_shopping, uniq_duvessa,
          uniq_eustachio
D:6:      layout_loops_ring, kennysheep_slug_shrine, marbit_many_paths,
          minmay_temple_entry_overgrown, hex_medium, uniq_pikel, uniq_menkaure
D:7:      layout_layer_cave
D:8:      layout_loops_corners, nemelex_xobeh_ov_fountains_minmay,
          mainiacjoe_overflow_surrounded_room, gammafunk_temple_overflow_statue,
          serial_shops, shop
D:9:      layout_cave_pools, mainiacjoe_overflow_small_starburst,
          nicolae_demonic_statue_gallery
Temple:   hellmonk_temple_forest_ring

Skill      XL: |  1  2  3  4  5  6  7  8  9 |
---------------+----------------------------+-----
Throwing       | 2 |  2.0
Dodging        | 3 4 5 |  5.4
Long Blades    | 3 4 |  4.3
Fighting       | 3 4 5 6 8 9 |  9.7
Armour         | 1 2 4 5 |  5.0
Invocations    | 2 6 |  6.5
Polearms       | 3 |  3.3

Action                     |  1- 3 |  4- 6 |  7- 9 || total
---------------------------+-------+-------+-------++-------
  Melee: Long sword        |    74 |       |   101 ||   175
         Dagger            |    63 |   302 |   299 ||   664
  Throw: Dart              |       |       |     2 ||     2
         Throwing net      |       |       |     1 ||     1
    Use: Scroll            |       |       |     2 ||     2
         Potion            |       |       |     1 ||     1
   Stab: Distracted        |     1 |       |       ||     1
         Sleeping          |     1 |     4 |     1 ||     6
 Armour: Leather armour    |   105 |   147 |   291 ||   543
  Dodge: Dodged            |   118 |   128 |   326 ||   572
  Block: Other             |       |    28 |     2 ||    30

Table legend: (Time is in decaauts)
 A = Elapsed time spent in this place.
 B = Non-inter-level travel time spent in this place.
 C = Inter-level travel time spent in this place.
 D = Time resting spent in this place.
 E = Time spent auto-exploring this place.
 F = Levels seen in this place.
 G = Mean time per level.
                   A        B        C        D        E       F      G
               +--------+--------+--------+--------+--------+-----+--------+
         Total |   9400 |   9084 |    316 |   2441 |   4945 |  10 |  940.0 |
       Dungeon |   9040 |   8739 |    301 |   2159 |   4945 |   9 | 1004.4 |
        Temple |    360 |    345 |     15 |    281 |      0 |   1 |  360.0 |
               +--------+--------+--------+--------+--------+-----+--------+

Top non-repeatable levels by time:
     D:6: 1561 daAuts
     D:8: 1388 daAuts
     D:7: 1330 daAuts
     D:5: 1241 daAuts
     D:1: 1186 daAuts
     D:3: 983 daAuts
     D:4: 972 daAuts
  Temple: 360 daAuts
     D:2: 358 daAuts
     D:9: 18 daAuts
